 Dungeon Crawl Stone Soup version 0.29-a0-457-g93c1fc3 (webtiles) character file.

Game seed: 18011194558898130104

59 Toastz the Grave Robber (level 3, -3/28 HPs)
             Began as a Demonspawn Necromancer on May 20, 2022.
             Killed from afar by Ijyb (17 damage)
             ... with an iceblast
             ... on level 3 of the Dungeon.
             The game lasted 00:04:46 (2411 turns).

Toastz the Grave Robber (Demonspawn Necromancer)    Turns: 2411, Time: 00:04:47

Health: -3/28      AC:  4    Str:  8    XL:     3   Next: 78%
Magic:  1/6        EV: 12    Int: 18    God:
Gold:   63         SH:  0    Dex: 13    Spells: 2/6 levels left

rFire   . . .      SeeInvis .   a - +0 whip
rCold   . . .      Faith    .   (no shield)
rNeg    . . .      Spirit   .   e - +0 robe
rPois   .          Reflect  .   (no helmet)
rElec   .          Harm     .   q - +0 cloak
rCorr   .          Rampage  .   f - +0 pair of gloves
Will    .....                   (no boots)
Stlth   ++........              (no amulet)
HPRegen 0.09/turn               (no ring)
MPRegen 0.10/turn               (no ring)

@: attractive, very slightly contaminated
A: foul stench 1
a: no special abilities


You were on level 3 of the Dungeon.
You visited 1 branch of the dungeon, and saw 3 of its levels.

You collected 63 gold pieces.

Inventory:

Hand Weapons
 a - a +0 whip (weapon)
 g - a +0 rapier
Missiles
 d - 60 stones
 j - 5 poisoned darts
 o - 4 atropa-tipped darts
Armour
 e - a +0 robe (worn)
 f - a +0 pair of gloves (worn)
 m - a +0 ring mail
 q - a +0 cloak (worn)
Scrolls
 h - a scroll of noise {unknown}
 k - a scroll of identify
 l - a scroll of fear {unknown}
 r - a scroll of magic mapping {unknown}
Potions
 c - a potion of degeneration {unknown}
 i - 2 potions of attraction
 n - a potion of cancellation {unknown}
 s - 2 potions of resistance {unknown}
 t - a potion of haste {unknown}


   Skills:
 + Level 2.3 Fighting
 - Level 1.7 Dodging
 - Level 1.7 Stealth
 - Level 2.0 Spellcasting
 + Level 5.2 Necromancy


You had 2 spell levels left.
You knew the following spells:

 Your Spells              Type           Power      Damage    Failure   Level
a - Necrotize             Necr           80%        1d8       1%          1
b - Vampiric Draining     Necr           20%        2d7       6%          3

Your spell library contained the following spells:

 Spells                   Type           Power      Damage    Failure   Level
 Animate Dead             Necr           20%        N/A       21%         4
 Agony                    Necr           20%        N/A       50%         5


Dungeon Overview and Level Annotations

Branches:
Dungeon (3/15)

Altars:

Shops:
D:1 (

Annotations:
D:3 Ijyb


Innate Abilities, Weirdness & Mutations

You may rarely emit foul miasma when damaged in melee.


Message History

It was a potion of attraction.
You feel attractive to monsters.
Ijyb hits you with a +0 vampiric dagger.
* * * LOW HITPOINT WARNING * * *
Ijyb draws strength from your wounds!
Okay, then.
Level annotation: Ijyb Welcome back, Toastz the Demonspawn Necromancer.
Press ? for a list of commands and other information.
Cast which spell? (? or * to list)
Okay, then.
Okay, then.
Magic courses through your body. Ijyb hits you but does no damage.
Cast which spell? (? or * to list)
The spell is quite dangerous to miscast (6% risk of failure)!
Continue anyway?
Aiming: Vampiric Draining (quite dangerous; 6% risk of failure)
Press: ? - help, Shift-Dir - straight line, f - Ijyb
Aim: Ijyb, wielding a +0 vampiric dagger, wearing a +0 scale mail and carrying a wand of iceblast (6) (lightly wounded)
You draw life force from Ijyb.
You feel life coursing into your body. Ijyb barely misses you.
Casting: Vampiric Draining (quite dangerous; 6% risk of failure)
Confirm with . or Enter, or press ? or * to list all spells.
The spell is quite dangerous to miscast (6% risk of failure)!
Continue anyway?
Aiming: Vampiric Draining (quite dangerous; 6% risk of failure)
Press: ? - help, Shift-Dir - straight line, f/p - Ijyb
Aim: Ijyb, wielding a +0 vampiric dagger, wearing a +0 scale mail and carrying a wand of iceblast (6) (moderately wounded)
You draw life force from Ijyb!
You feel life coursing into your body.
Ijyb drinks a potion.
Ijyb is healed!
There's nothing to close nearby.
As you read the scroll labelled FOFACR TEAXTA, it crumbles to dust.
It is a scroll of identify.
p - a scroll of blinking Ijyb hits you but does no damage.
Blink to where?
Press: ? - help, Dir - move target, p - Ijyb
Found 4 poisoned darts.
As you read the scroll of blinking, it crumbles to dust.
Ijyb zaps a wand.
The mass of ice explodes!
The iceblast engulfs you!
Ouch! That really hurt!
You die...

######### .....(.@#
#### .######........#
#..#####.#########
####..#####.#.......#
#....................
...#...g.###.#..##.#.#
.......ยง####.#..##.#.#
######..)....#.....#.#
#.#######...###.#


You could see Ijyb.

Vanquished Creatures
  An adder (D:2)
  4 bats
  5 endoplasms
  4 giant cockroaches
  3 goblins (D:2)
  6 hobgoblins
  4 jackals (D:3)
  A quokka (D:1)
  4 ball pythons
  2 frilled lizards
  6 kobolds
  2 rats (D:1)
42 creatures vanquished.

Vanquished Creatures (collateral kills)
  A dart slug (D:1)
1 creature vanquished.

Grand Total: 43 creatures vanquished

Notes
Turn   | Place    | Note
-------+----------+-------------------------------------------
     0 | D:1      | Toastz the Demonspawn Necromancer began the quest for the
                  | Orb.
     0 | D:1      | Reached XP level 1. HP: 13/13 MP: 3/3
   412 | D:1      | Reached skill level 1 in Fighting
   582 | D:1      | Gained mutation: You may rarely emit foul miasma when
                  | damaged in melee. [demonic ancestry]
   582 | D:1      | Reached XP level 2. HP: 21/21 MP: 3/5
   779 | D:1      | Found Ittaem's Weapon Shoppe.
  1185 | D:1      | Found a faded altar of an unknown god.
  1185 | D:1      | Noticed a hellwing
  1292 | D:2      | Reached skill level 5 in Necromancy
  1292 | D:2      | Reached XP level 3. HP: 27/27 MP: 4/6
  1435 | D:2      | Learned a level 3 spell: Vampiric Draining
  2398 | D:3      | Noticed Ijyb
  2411 | D:3      | Killed from afar by Ijyb

Illustrated notes

Levels and vault maps discovered:
D:1:      shiori_arrival_elements, layout_basic, serial_shops, shop,
          serial_aquarium, aquarium_bridge_straight [aquarium_subvault_bridge,
          aquarium_subvault_wall, aquarium_subvault_bridge,
          aquarium_subvault_wall], aquarium_bridge_square
          [aquarium_subvault_bridge, aquarium_subvault_wall,
          aquarium_subvault_window, aquarium_subvault_bridge],
          aquarium_window_corner, aquarium_window_fake, aquarium_view_2d,
          dreamdust_ecumenical_altar_sealed_demon,
          minmay_misc_feat_four_crosses, nicolae_figureground_pulse
D:2:      cheibrodos_old_hovel, layout_loops_ring, minmay_crystal_water
D:3:      layout_loops_corners, hellmonk_ghost_happy_afterlife, uniq_ijyb

Skill      XL: |  1  2  3 |
---------------+----------+-----
Fighting       | 1 2 |  2.3
Necromancy     | 5 |  5.2
Dodging        | |  1.7
Stealth        | |  1.7
Spellcasting   | |  2.0

Action                   || total
-------------------------++-------
Melee: Whip              ||    20
 Cast: Necrotize         ||    64
       Vampiric Draining ||     2
  Use: Scroll            ||     2
       Potion            ||     2
Armor: Robe              ||     9
Dodge: Dodged            ||    23

Table legend: (Time is in decaauts)
 A = Elapsed time spent in this place.
 B = Non-inter-level travel time spent in this place.
 C = Inter-level travel time spent in this place.
 D = Time resting spent in this place.
 E = Time spent auto-exploring this place.
 F = Levels seen in this place.
 G = Mean time per level.
                   A        B        C        D        E       F      G
               +--------+--------+--------+--------+--------+-----+--------+
         Total |   2414 |   2295 |    119 |      0 |   2008 |   3 |  804.7 |
       Dungeon |   2414 |   2295 |    119 |      0 |   2008 |   3 |  804.7 |
               +--------+--------+--------+--------+--------+-----+--------+

Top non-repeatable levels by time:
     D:1: 1225 daAuts
     D:2: 818 daAuts
     D:3: 370 daAuts
